 Dungeon Crawl Stone Soup version 0.29.1-15-g9cfb28693d (webtiles) character file.

Game seed: 1145827629798594405

22 GeoRichter the Grave Robber (level 2, 0/19 HPs)
             Began as a Demonspawn Necromancer on Mar 20, 2023.
             Succumbed to an adder's poison
             ... on level 2 of the Dungeon.
             The game lasted 00:01:49 (1340 turns).

GeoRichter the Grave Robber (DsNe)                  Turns: 1340, Time: 00:01:49

Health: 0/19       AC:  3    Str:  8    XL:     2   Next: 68%
Magic:  0/5        EV: 12    Int: 16    God:
Gold:   104        SH:  0    Dex: 13    Spells: 4/5 levels left

rFire   . . .      SeeInvis .   f - +0 trident
rCold   . . .      Faith    .   (no shield)
rNeg    . . .      Spirit   .   a - +0 robe
rPois   .          Reflect  .   (no helmet)
rElec   .          Harm     .   (no cloak)
rCorr   .          Rampage  .   (no gloves)
Will    .....                   (no boots)
Stlth   ++........              (no amulet)
HPRegen 0.06/turn               (no ring)
MPRegen 0.09/turn               (no ring)

@: lethally poisoned (0 -> -7), attractive
A: rugged brown scales 1
a: no special abilities


You were on level 2 of the Dungeon.
You visited 1 branch of the dungeon, and saw 2 of its levels.

You collected 104 gold pieces.

Inventory:

Hand Weapons
 f - a +0 trident (weapon)
   (You found it on level 2 of the Dungeon)
Armour
 a - a +0 robe (worn)
Scrolls
 b - a scroll of immolation {!r}
 d - 2 scrolls of teleportation {unknown}
 e - a scroll of identify {unknown}


   Skills:
 - Level 1.7 Dodging
 - Level 2.0 Stealth
 + Level 2.3 Spellcasting
 * Level 5.0 Necromancy


You had 4 spell levels left.
You knew the following spells:

 Your Spells              Type           Power      Damage    Failure   Level
a - Necrotise             Necr           68%        1d7       2%          1

Your spell library contained the following spells:

 Spells                   Type           Power      Damage    Failure   Level
 Vampiric Draining        Necr           17%        2d7       8%          3
 Animate Dead             Necr           17%        N/A       26%         4
 Agony                    Necr           17%        N/A       56%         5
 Malign Gateway           Summ/Tloc      0%         N/A       100%        7
 Summon Horrible Things   Summ           0%         N/A       100%        8


Dungeon Overview and Level Annotations

Branches:
Dungeon (2/15) Zot: 10658

Altars:

Shops:
D:1 (


Innate Abilities, Weirdness & Mutations

You are partially covered in rugged brown scales. (AC +1, +3% HP)


Message History

The worm writhes in agony.
The worm writhes in agony!
The worm writhes in agony.
The worm bites you.
You are out of magic!
Found a scroll labelled TEP AN COROP.
A rat comes into view.
The worm writhes in agony!
You kill the worm!
Your Necromancy skill increases to level 5!
f - a +0 trident (weapon)
You reach to attack!
You hit the rat.
You kill the rat!
No target in view!
An adder comes into view.
The adder moves out of view.
There is a stone staircase leading up here.
You climb upwards.
There is a stone staircase leading down here.
You start resting.
You start resting.
You climb downwards.
There is a stone staircase leading up here.
An adder is nearby!
You can't see any susceptible monsters within range! (Use Z to cast anyway.)
You can't see any susceptible monsters within range! (Use Z to cast anyway.)
The adder hisses angrily.
The adder barely resists.
The adder writhes in agony.
The adder barely resists.
You barely miss the adder. The adder bites you.
You are poisoned.
The adder poisons you!
The adder writhes in agony.
You feel sick. The adder bites you.
The adder writhes in agony.
You feel sick. The adder bites you.
* * * LOW HITPOINT WARNING * * *
The adder bites you.
* * * LOW HITPOINT WARNING * * *
You miss the adder.
* * * LOW HITPOINT WARNING * * *
You feel sick. The adder bites you.
* * * LOW HITPOINT WARNING * * *
You are lethally poisoned!
The adder poisons you!
You barely miss the adder.
* * * LOW HITPOINT WARNING * * *
You feel sick.
The adder bites you but does no damage. x2
Okay, then.
It was a potion of attraction.
You feel attractive to monsters.
You die...

#. ###### . ###.###...... ###..
#............ .....
####.#.......... .....
....#.......... .....
#............. ###..
#............. #...##<.......
#?.@....#.#.## ##.S#####.#.# #
##..#####.#.# .. #
######...........# #..# #.
#....(....###...###....#
#.####.###..........#...#
####............†#...###...#
..##.......#.#...#..#...#.#...#
........#..#.##...###...#.# ..#


You could see an adder.

Vanquished Creatures
  A worm (D:2)
  An endoplasm (D:1)
  A giant cockroach (D:1)
  3 hobgoblins (D:1)
  2 jackals (D:1)
  3 bats (D:1)
  A frilled lizard (D:2)
  3 kobolds
  3 rats
18 creatures vanquished.

Vanquished Creatures (collateral kills)
  An endoplasm (D:1)
1 creature vanquished.

Grand Total: 19 creatures vanquished

Notes
Turn   | Place    | Note
-------+----------+-------------------------------------------
     0 | D:1      | GeoRichter the Demonspawn Necromancer began the quest for
                  | the Orb.
     0 | D:1      | Reached XP level 1. HP: 13/13 MP: 3/3
   474 | D:1      | Gained mutation: You are partially covered in rugged brown
                  | scales. (AC +1, +3% HP) [demonic ancestry]
   474 | D:1      | Reached XP level 2. HP: 13/19 MP: 1/5
   571 | D:1      | Found a faded altar of an unknown god.
   646 | D:1      | Found Hobykiha's Antique Weapon Shoppe.
  1272 | D:2      | Reached skill level 5 in Necromancy
  1340 | D:2      | Succumbed to an adder's poison

Illustrated notes

Levels and vault maps discovered:
D:1:      matt_arrival_spirals, layout_loops_ring, serial_shops, shop,
          hellmonk_ecumenical_altar_blasted
D:2:      layout_loops_cross, nicolae_titane

Skill      XL: |  1  2 |
---------------+-------+-----
Stealth        | 2 |  2.0
Necromancy     | 5 |  5.0
Dodging        | |  1.7
Spellcasting   | |  2.3

Action                   || total
-------------------------++-------
Melee: Unarmed           ||     3
       Trident           ||     4
 Cast: Necrotise         ||    41
  Use: Potion            ||     2
Armor: Robe              ||     4
Dodge: Dodged            ||     8
